 Dungeon Crawl Stone Soup version 0.27-a0-124-g19cb506db8 (webtiles) character file.

Game seed: 16114666174439754295

4392 kae the Grappler (level 10, -5/99 HPs)
             Began as a Grey Draconian Transmuter on Jan 26, 2021.
             Was a Follower of Ru.
             Slain by a centaur (6 damage)
             ... on level 8 of the Dungeon.
             The game lasted 00:07:31 (11300 turns).

kae the Grappler (Grey Draconian Transmuter)       Turns: 11300, Time: 00:07:31

Health: -5/99      AC:  2    Str: 16 (17) XL:     10   Next: 13%
Magic:  18/18      EV: 12    Int: 19      God:    Ru [*.....]
Gold:   333        SH:  0    Dex: 11      Spells: 11/19 levels left

rFire    x . .     SeeInvis .     - Unarmed
rCold    + + +     Faith    .   (shield currently unavailable)
rNeg     . . .     Spirit   .   (armour unavailable)
rPois    +         Reflect  .   (helmet currently unavailable)
rElec    .         Harm     .   (cloak currently unavailable)
rCorr    .         Rampage  .   (gloves currently unavailable)
Will     .....                  (boots currently unavailable)
Stlth    +.........             i - amulet of magic regeneration
HPRegen  0.26/turn              o - +6 ring of intelligence
MPRegen  0.41/turn              t - -4 ring of protection (curse)

@: ice-form
A: large, (walk through water), unfitting armour, deterioration 1, hated by all,
AC +12
a: End Transformation, Renounce Religion


You were on level 8 of the Dungeon.
You worshipped Ru.
Ru was aware of your devotion.
You were a creature of crystalline ice.
You visited 2 branches of the dungeon, and saw 9 of its levels.

You collected 575 gold pieces.
You spent 242 gold pieces at shops.

Inventory:

Armour
 j - a +1 cloak of poison resistance (melded)
 y - a +1 hat (melded)
Jewellery
 i - an amulet of magic regeneration (around neck)
 o - a +6 ring of intelligence (left front paw)
 t - a cursed -4 ring of protection (right front paw)
 w - a cursed ring of teleportation
Wands
 a - a wand of iceblast (6)
 r - a wand of digging (2)
 x - a wand of flame (19)
 A - a wand of enslavement (8)
Scrolls
 b - 9 scrolls of remove curse
 c - 3 scrolls of enchant weapon
 d - 2 scrolls of amnesia
 e - 5 scrolls of identify
 s - a scroll of enchant armour
 u - a scroll of blinking
 v - a scroll of magic mapping
 D - a scroll of fog
Potions
 f - 4 potions of might
 g - a potion of cancellation
 k - a potion of mutation
 l - a potion of lignification
 m - a potion of attraction
 n - 5 potions of curing
 p - a potion of haste
 q - 2 potions of resistance
 B - a potion of degeneration


   Skills:
 + Level 6.2 Fighting
 + Level 5.5 Dodging
 * Level 8.7 Unarmed Combat
 + Level 5.4 Spellcasting
 + Level 6.0 Transmutations
 - Level 4.0 Ice Magic
 - Level 2.0 Poison Magic


You had 11 spell levels left.
You knew the following spells:

 Your Spells              Type           Power        Failure   Level
a - Beastly Appendage     Tmut           56%          1%          1
b - Spider Form           Tmut/Pois      10%          7%          3
c - Ice Form              Ice/Tmut       24%          16%         4

Your spell library contained the following spells:

 Spells                   Type           Power        Failure   Level
 Wereblood                Tmut           28%          1%          2
 Blade Hands              Tmut           14%          26%         5


Dungeon Overview and Level Annotations

Branches:
Dungeon (8/15)             Temple (1/1) D:6
   Lair: D:8-11

Altars:
Ashenzari
Cheibriados
Dithmenos
Elyvilon
Fedhas
Hepliaklqana
Kikubaaqudgha
Makhleb
Nemelex Xobeh
Okawaru
Qazlal
Ru
Sif Muna
Uskayaw
Vehumet
Wu Jian
Xom
Yredelemnul
Zin
The Shining One

Shops:
D:4 !   D:5 (

Annotations:
D:7 2 transporters, bmj180's ghost, novice MfSu


Innate Abilities, Weirdness & Mutations

((You can walk through water.))
((Your dull iron-grey scales are very hard. (AC +12)))
You cannot fit into any form of body armour.
((You can survive without breathing.))
((You are cold-blooded and may be slowed by cold attacks.))
You are hated by all.
Your body sometimes deteriorates upon taking damage.


Message History

The centaur hits you! The orc hits you. The orc hits you with a +0 flail!
* * * LOW HITPOINT WARNING * * *
The centaur closely misses you.
You hit the centaur. You freeze the centaur.
The centaur is severely wounded.
The centaur hits you but does no damage.
The orc barely misses you.
You hit the centaur. You freeze the centaur.
The centaur is almost dead.
The orc hits you with a +0 flail!
* * * LOW HITPOINT WARNING * * *
The centaur hits you!
* * * LOW HITPOINT WARNING * * *
The orc barely misses you.
You feel better. The centaur hits you!
* * * LOW HITPOINT WARNING * * *
The orc hits you with a +0 flail!
* * * LOW HITPOINT WARNING * * *
The centaur hits you.
You die...

#..............
.#..............
................
............... #
.............
#...###.........#
..##........oc.....#
...#... #!..oY...#
.......###.....###
..............##
.............###
...............#
......>.......##
.......<..#####
...........#
............#


You could see a centaur and 2 orcs.

Vanquished Creatures
  A boulder beetle (D:7)
  A cyclops (D:7)
  Joseph (D:7)
  Maggie (D:7)
  Grinder (D:6)
  A black bear (D:6)
  2 orc warriors
  3 phantoms
  A sky beast (D:7)
  An ice beast (D:5)
  4 ogres
  3 centaurs (D:7)
  3 bullfrogs
  2 scorpions
  An electric eel (D:6)
  A quasit (D:5)
  A centaur zombie (D:6)
  3 hounds
  A jelly (D:7)
  Crazy Yiuf (D:2)
  3 orc priests
  2 bullfrog skeletons
  4 orc wizards
  3 worker ants
  A worker ant zombie (D:5)
  16 adders
  3 gnolls
  A howler monkey skeleton (D:6)
  4 white imps
  An ooze (D:2)
  3 ufetubi
  2 adder zombies
  3 worms
  An adder skeleton (D:6)
  4 dart slugs
  6 leopard geckos
  20 orcs
  A ball python (D:1)
  8 giant cockroaches
  11 goblins
  9 hobgoblins
  10 jackals
  9 kobolds
  7 quokkas
  11 bats
  10 frilled lizards
  A leopard gecko zombie (D:2)
  13 rats
200 creatures vanquished.

Vanquished Creatures (others)
  4 plants (D:6)
4 creatures vanquished.

Grand Total: 204 creatures vanquished

Notes
Turn   | Place    | Note
-------+----------+-------------------------------------------
     0 | D:1      | kae the Draconian Transmuter began the quest for the Orb.
     0 | D:1      | Reached XP level 1. HP: 16/16 MP: 3/3
   141 | D:1      | Reached XP level 2. HP: 18/23 MP: 5/5
   651 | D:1      | Reached XP level 3. HP: 23/28 MP: 6/6
  1350 | D:2      | Reached XP level 4. HP: 10/36 MP: 5/7
  1657 | D:2      | Found a sparkling altar of Nemelex Xobeh.
  1854 | D:2      | Found a runed translucent door.
  1855 | D:2      | Noticed Crazy Yiuf
  2111 | D:2      | Reached skill level 4 in Unarmed Combat
  2193 | D:2      | Learned a level 3 spell: Spider Form
  2571 | D:2      | Reached XP level 5. HP: 41/41 MP: 6/8
  3074 | D:2      | Found a burning altar of Makhleb.
  3081 | D:2      | Found a shimmering altar of Xom.
  3175 | D:2      | Killed Crazy Yiuf
  3447 | D:3      | Found a snail-covered altar of Cheibriados.
  3702 | D:3      | Reached XP level 6. HP: 50/50 MP: 2/10
  3704 | D:3      | Gained mutation: Your body sometimes deteriorates upon
                  | taking damage. [mutagenic glow]
  3917 | D:3      | Found a stormy altar of Qazlal.
  3919 | D:3      | Noticed a water elemental
  3924 | D:3      | Noticed a fire elemental
  3927 | D:3      | Noticed an air elemental
  4001 | D:3      | Found a shadowy altar of Dithmenos.
  4194 | D:4      | Found a sacrificial altar of Ru.
  4257 | D:4      | Found a glowing golden altar of the Shining One.
  4403 | D:4      | Found a broken altar of Ashenzari.
  4472 | D:4      | Reached skill level 5 in Unarmed Combat
  4644 | D:4      | Your scales start taking on a dull iron-grey colour.
  4644 | D:4      | Reached XP level 7. HP: 36/57 MP: 11/11
  4644 | D:4      | Gained mutation: You can survive without breathing. [Grey
                  | Draconian growth]
  4940 | D:4      | Found Guurith's Distillery.
  4943 | D:4      | Bought a potion of curing for 33 gold pieces
  4943 | D:4      | Bought a potion of lignification for 33 gold pieces
  4943 | D:4      | Bought a potion of lignification for 33 gold pieces
  4943 | D:4      | Bought a potion of haste for 110 gold pieces
  4943 | D:4      | Bought a potion of curing for 33 gold pieces
  5178 | D:5      | Entered Level 5 of the Dungeon
  5637 | D:5      | Found a radiant altar of Vehumet.
  6239 | D:5      | Reached skill level 6 in Unarmed Combat
  6378 | D:5      | Found Gapattele's Antique Weapon Boutique.
  6984 | D:5      | Reached XP level 8. HP: 48/66 MP: 13/13
  7120 | D:6      | Noticed Grinder
  7141 | D:6      | Killed Grinder
  7260 | D:6      | Found a staircase to the Ecumenical Temple.
  7312 | Temple   | Entered the Ecumenical Temple
  7387 | Temple   | Became a worshipper of Ru the Awakened
  7628 | D:6      | Reached skill level 7 in Unarmed Combat
  8637 | D:6      | Learned a level 4 spell: Ice Form
  8653 | D:7      | Reached skill level 5 in Transmutations
  8653 | D:7      | Reached skill level 1 in Poison Magic
  8728 | D:7      | Found a transporter.
  8729 | D:7      | Found a transporter.
  8729 | D:7      | Identified the +7 great mace of Keumoeps {vorpal, rF+}
  8729 | D:7      | Identified the +9 dire flail of Terror {vorpal, rF+ Dex+2
                  | Stlth+}
  8729 | D:7      | Noticed a two-headed ogre
  8729 | D:7      | Noticed bmj180's ghost (novice MfSu)
  8939 | D:7      | Reached skill level 5 in Fighting
  8939 | D:7      | Reached skill level 1 in Ice Magic
  8980 | D:7      | Reached XP level 9. HP: 74/74 MP: 13/15
  8991 | D:7      | Noticed Joseph
  9098 | D:7      | Killed Joseph
  9371 | D:7      | Noticed Maggie
  9609 | D:7      | Found a hide-covered altar of Uskayaw.
  9674 | D:7      | Noticed a cyclops
  9674 | D:7      | Noticed a boulder beetle
  9702 | D:7      | Killed a cyclops
  9703 | D:7      | Reached skill level 5 in Dodging
  9706 | D:7      | Killed a boulder beetle
  9707 | D:7      | Reached skill level 8 in Unarmed Combat
  9707 | D:7      | Reached skill level 5 in Spellcasting
  9723 | D:7      | Gained mutation: You are hated by all. [Ru sacrifice]
  9723 | D:7      | Reached * piety under Ru
 10414 | D:7      | Killed Maggie
 10415 | D:7      | Reached XP level 10. HP: 14/83 MP: 12/17
 11300 | D:8      | HP: 1/99 [orc/+0 flail (9)]
 11300 | D:8      | Slain by a centaur

Illustrated notes

Levels and vault maps discovered:
D:1:      minmay_arrival_pointy, layout_basic, minmay_worlds_worst_comb
D:2:      minmay_razor_zed, layout_basic, minitemple,
          nemelex_xobeh_ov_fountains_minmay, uniq_crazy_yiuf_cottage
D:3:      minmay_inner_zag, layout_rooms, grunt_dithmenos_smoke_and_mirrors,
          nicolae_qazlal_style_of_elements, kennysheep_slug_shrine,
          amcnicky_mini_corridor_feature, minmay_ruptured
D:4:      layout_loops_cross, kennysheep_mini, nicolae_tso_carved_into_rock,
          serial_shops, nicolae_shop_competitors_out_of_business,
          nicolae_ru_the_path_less_chosen
D:5:      layout_basic, lemuel_doored_altar, serial_shops, shop
D:6:      minmay_evil_eye, layout_cave_pools, minmay_temple_entry_overgrown,
          serial_park, serial_park_paths [serial_park_minivault_5x5_8],
          serial_park_tiny_2, serial_park_tiny_pond, serial_bayou_pond_c,
          uniq_grinder
D:7:      minmay_the_grid_four_pointed_star
          [minmay_the_grid_triangle_9x9_pentomino_pain,
          minmay_the_grid_triangle_9x9_checkered,
          minmay_the_grid_triangle_9x9_stretched_checkered,
          minmay_the_grid_triangle_9x9_steps, minmay_the_grid_prize_trominoes],
          layout_gridville, lemuel_round_altar, gammafunk_ghost_smash,
          uniq_maggie, uniq_joseph
D:8:      layout_cave_pools, hangedman_decor_clover_reticule,
          minmay_stone_trees_small, kennysheep_doodads,
          hangedman_decor_riveting, minmay_fountain_box, uniq_pikel
Temple:   cyrus_temple_forest

Skill      XL: |  1  2  3  4  5  6  7  8  9 10 |
---------------+-------------------------------+-----
Dodging        | 2 3 4 5 |  5.5
Fighting       | 2 3 4 5 6 |  6.2
Unarmed Combat | 4 5 6 7 8 |  8.7
Transmutations | 3 4 5 6 |  6.0
Spellcasting   | 3 4 5 |  5.4
Poison Magic   | 1 2 |  2.0
Ice Magic      | 1 4 |  4.0

Action                   |  1- 3 |  4- 6 |  7- 9 | 10-12 || total
-------------------------+-------+-------+-------+-------++-------
Melee: Unarmed           |   113 |   266 |   349 |    30 ||   758
       Kick              |    17 |    38 |    21 |       ||    76
       Headbutt          |     6 |    16 |    11 |       ||    33
       Tailslap          |     4 |    21 |    27 |       ||    52
       Punch             |     2 |     4 |     6 |       ||    12
 Cast: Beastly Appendage |    22 |    41 |    16 |       ||    79
       Spider Form       |       |     3 |    12 |       ||    15
       Ice Form          |       |       |     4 |     4 ||     8
Invok: Sacrifice Love    |       |       |     1 |       ||     1
  Use: Scroll            |     1 |    10 |     8 |     4 ||    23
       Potion            |       |     1 |     6 |     1 ||     8
 Stab: Sleeping          |       |     1 |     1 |       ||     2
Armor: Skin              |    35 |    96 |   120 |     6 ||   257
Dodge: Dodged            |    84 |   180 |   235 |    24 ||   523

Table legend: (Time is in decaauts)
 A = Elapsed time spent in this place.
 B = Non-inter-level travel time spent in this place.
 C = Inter-level travel time spent in this place.
 D = Time resting spent in this place.
 E = Time spent auto-exploring this place.
 F = Levels seen in this place.
 G = Mean time per level.
                   A        B        C        D        E       F      G
               +--------+--------+--------+--------+--------+-----+--------+
         Total |  11243 |  10959 |    284 |   1825 |   7500 |   9 | 1249.2 |
       Dungeon |  11137 |  10882 |    255 |   1825 |   7431 |   8 | 1392.1 |
        Temple |    105 |     76 |     29 |      0 |     69 |   1 |  105.0 |
               +--------+--------+--------+--------+--------+-----+--------+

Top non-repeatable levels by time:
     D:7: 2538 daAuts
     D:2: 1955 daAuts
     D:5: 1703 daAuts
     D:6: 1518 daAuts
     D:1: 1353 daAuts
     D:4: 1195 daAuts
     D:3: 845 daAuts
  Temple: 105 daAuts
     D:8: 26 daAuts
